 Dungeon Crawl Stone Soup version 0.18.1-47-g9310371 (webtiles) character file.

23 Freeplumber the Chiller (level 2, -1/19 HPs)
             Began as a Demonspawn Ice Elementalist on June 23, 2016.
             Slain by Sigmund
             ... wielding a +3 scythe of protection
              (15 damage)
             ... on level 2 of the Dungeon.
             The game lasted 00:06:05 (809 turns).

Freeplumber the Chiller (DsIE)                       Turns: 809, Time: 00:06:06

Health: -1/19      AC:  3    Str:  8    XL:     2   Next: 72%
Magic:  5/5        EV: 12    Int: 16    God:
Gold:   76         SH:  0    Dex: 13    Spells: 1 memorised, 4 levels left

rFire  . . .     SeeInvis .     e - +0 mace
rCold  + . .     Gourm    .     a - +1 robe
rNeg   . . .     Faith    .     (no shield)
rPois  .         Spirit   .     (no helmet)
rElec  .         Dismiss  .     (no cloak)
rCorr  .         Reflect  .     (no gloves)
SustAt .         Harm     .     (no boots)
MR     .....                    (no amulet)
Stlth  ++........               (no ring)
                                (no ring)

@: flying, very slightly contaminated, hasted, very quick, not resistant to
hostile enchantments, unstealthy
A: cold resistance 1
a: no special abilities


You were on level 2 of the Dungeon.
You were not hungry.

You visited 1 branch of the dungeon, and saw 2 of its levels.

You collected 76 gold pieces.

Inventory:

Hand Weapons
 e - a +0 mace (weapon)
Armour
 a - a +1 robe (worn)
Books
 b - a book of Frost

   Spells                             Type                      Level
   a - Freeze                         Ice                          1
   b - Throw Frost                    Conjuration/Ice              2
   c - Ozocubu's Armour               Charms/Ice                   3
   d - Throw Icicle                   Conjuration/Ice              4
   e - Summon Ice Beast               Ice/Summoning                4
Comestibles
 c - 2 bread rations
 f - 12 fruits


   Skills:
 + Level 0.6 Maces & Flails
 + Level 2.1 Dodging
 + Level 2.0 Stealth
 + Level 2.1 Spellcasting
   Level 1.0 Conjurations
 + Level 3.1 Ice Magic


You had 4 spell levels left.
You knew the following spells:

 Your Spells              Type           Power        Failure   Level  Hunger
a - Freeze                Ice            ##..         8%          1    #......


Dungeon Overview and Level Annotations

Branches:
Dungeon (2/15)

Altars:
Fedhas
Gozag

Annotations:
D:2 Sigmund


Innate Abilities, Weirdness & Mutations

Your flesh is cold resistant.


Message History

You're too confused!
Sigmund hits you but does no damage.
Drink which item? (? for menu, Esc to quit)
It was a potion of flight.
You feel very buoyant.
You fly up into the air.
Sigmund casts a spell at you. The puff of flame hits you!
You barely miss Sigmund. Sigmund closely misses you.
You feel less confused.
Read which item? (? for menu, Esc to quit)
As you read the scroll labeled DOQILI OVAT, it crumbles to dust.
It is a scroll of identify.
You don't have any unidentified items.
Sigmund misses you.
You hit Sigmund but do no damage. Sigmund closely misses you.
You hit Sigmund but do no damage.
Sigmund hits you with a scythe of protection!
Ouch! That really hurt!
You die...

♣♣♣ ...# ♣♣..
#########...# ♣♣...
#....?......# ♣♣....
#...........# ♣...._
#...........# ♣♣.....
#..........## ♣......
#...........# ♣.♣....
#..@@.)....# ♣♣♣♣♣..
#..!........# ♣♣..
#####.........##♣♣ ♣...
#8$.#.........##.#####..
#_.$.$.$.$.$..##..††.†.#
#8$.#.........##.##.####
#####.#####...##.##.#
#.# #####.##.# #.#
######.##.#


You could see Sigmund.

Vanquished Creatures
  A giant gecko (D:2)
  2 giant cockroaches (D:1)
  2 goblins (D:1)
  2 hobgoblins (D:1)
  3 jackals (D:2)
  4 giant newts
  2 kobolds (D:1)
  5 rats
21 creatures vanquished.

Notes
Turn   | Place    | Note
--------------------------------------------------------------
     0 | D:1      | Freeplumber the Demonspawn Ice Elementalist began the quest for the Orb.
     0 | D:1      | Reached XP level 1. HP: 13/13 MP: 3/3
   305 | D:1      | Gained mutation: Your flesh is cold resistant. [demonic ancestry]
   305 | D:1      | Reached XP level 2. HP: 19/19 MP: 5/5
   467 | D:1      | Reached skill level 3 in Ice Magic
   703 | D:2      | Found a blossoming altar of Fedhas.
   788 | D:2      | Noticed Sigmund
   789 | D:2      | Found an opulent altar of Gozag.
   809 | D:2      | Slain by Sigmund

Skill      XL: |  1  2 |
---------------+-------+-----
Ice Magic      | 3 |  3.1
Dodging        | 2 |  2.1
Stealth        | 2 |  2.0
Maces & Flails | |  0.6
Spellcasting   | |  2.1
Conjurations   | |  1.0

Action                   || total
-------------------------++-------
Melee: Mace              ||    60
       Unarmed           ||    14
 Cast: Freeze            ||     4
  Use: Scroll            ||     3
       Potion            ||     3
 Stab: Sleeping          ||     1
Armor: Robe              ||    22
Dodge: Dodged            ||    55
